 Dungeon Crawl Stone Soup version 0.27-a0-668-gb5737ff2c0 (webtiles) character file.

Game seed: 2975982757392470497

245 Alarak the Vexing (level 5, -2/28 HPs)
             Began as a Deep Elf Conjurer on Mar 18, 2021.
             Slain by Natasha (8 damage)
             ... on level 2 of the Dungeon.
             The game lasted 00:08:21 (2653 turns).

Alarak the Vexing (Deep Elf Conjurer)               Turns: 2653, Time: 00:08:21

Health: -2/28      AC:  2    Str:  4    XL:     5   Next: 84%
Magic:  14/14      EV: 12    Int: 24    God:
Gold:   86         SH:  0    Dex: 13    Spells: 7/14 levels left

rFire    . . .     SeeInvis .   j - +6 scythe (vorpal)
rCold    . . .     Faith    .   (shield currently unavailable)
rNeg     . . .     Spirit   .   a - +0 robe
rPois    .         Reflect  .   (no helmet)
rElec    .         Harm     .   (no cloak)
rCorr    .         Rampage  .   (no gloves)
Will     .....                  (no boots)
Stlth    ++........             (no amulet)
HPRegen  0.09/turn              (no ring)
MPRegen  0.14/turn              (no ring)

@: slowed, very slow
A: no striking features
a: no special abilities


You were on level 2 of the Dungeon.
You visited 1 branch of the dungeon, and saw 2 of its levels.

You collected 86 gold pieces.

Inventory:

Hand Weapons
 g - a +0 dagger
 j - a +6 vorpal scythe (weapon)
Armour
 a - a +0 robe (worn)
Jewellery
 e - an amulet of magic regeneration
Scrolls
 b - a scroll of holy word {unknown}
 c - a scroll of identify {unknown}
 d - 2 scrolls of teleportation {unknown}
 f - a scroll of enchant weapon {unknown}
 k - 3 scrolls of blinking {unknown}
Potions
 h - a potion of mutation {unknown}
 i - 3 potions of lignification {unknown}


   Skills:
 - Level 2.4 Dodging
 - Level 2.4 Stealth
 - Level 5.0 Spellcasting
 - Level 5.0 Conjurations
 + Level 5.7 Hexes


You had 7 spell levels left.
You knew the following spells:

 Your Spells              Type           Power      Damage    Failure   Level
a - Magic Dart            Conj           100%       1d8       1%          1
b - Searing Ray           Conj           60%        3d5       1%          2
c - Fulminant Prism       Conj/Hex       15%        3d11      10%         4

Your spell library contained the following spells:

 Spells                   Type           Power      Damage    Failure   Level
 Dazzling Flash           Conj/Hex       62%        N/A       3%          3
 Iskenderun's Mystic Bla  Conj/Tloc      18%        2d6       30%         4


Dungeon Overview and Level Annotations

Branches:
Dungeon (2/15)

Altars:
Elyvilon
Xom

Annotations:
D:2 Natasha


Message History

Confirm with . or Enter, or press ? or * to list all spells.
Okay, then.
Unknown command.
Unknown command.
Casting: Magic Dart (safe; 1% risk of failure)
Confirm with . or Enter, or press ? or * to list all spells.
Okay, then.
Unknown command.
Unknown command.
Casting: Magic Dart (safe; 1% risk of failure)
Confirm with . or Enter, or press ? or * to list all spells.
Okay, then.
Unknown command.
Unknown command.
Casting: Magic Dart (safe; 1% risk of failure)
Confirm with . or Enter, or press ? or * to list all spells.
You can't see any susceptible monsters within range! (Use Z to cast anyway.)
Casting: Magic Dart (safe; 1% risk of failure)
Confirm with . or Enter, or press ? or * to list all spells.
You can't see any susceptible monsters within range! (Use Z to cast anyway.)
You hear some strange, mumbled words.
You feel yourself slow down.
Casting: Magic Dart (safe; 1% risk of failure)
Confirm with . or Enter, or press ? or * to list all spells.
You can't see any susceptible monsters within range! (Use Z to cast anyway.)
Casting: Magic Dart (safe; 1% risk of failure)
Confirm with . or Enter, or press ? or * to list all spells.
You can't see any susceptible monsters within range! (Use Z to cast anyway.)
Something claws you!
You hear some strange, mumbled words.
Reach: j) +6 scythe (vorpal)
Press: ? - help, Dir - move target, f - crimson imp
Aim: a crimson imp (summoned, about 61% to evade your +6 vorpal scythe)
You reach to attack!
You closely miss the crimson imp. Something claws you! Something claws you.
* * * LOW HITPOINT WARNING * * *
The crimson imp hits you.
* * * LOW HITPOINT WARNING * * *
Something claws you!
You die...

##......# #.........
#.###...#.#############
#.............. ...####
> #.###.†##......
#..... #. #..##...###
###### .. #..##.>.# #
##.#.###..##...# #
.........5##...# #
.###.....@.....# . .
#####.###.#.# {.. ≈
#.....#.##.#.#..... ≈
#.##.###........... .≈
#.# ##......<... ##
#........... #
#.##.......#. #.##. #.#
##........ .....######
## ##.....##


You could see a crimson imp (summoned).

Vanquished Creatures
  Sigmund (D:2)
  Terence (D:2)
  A white imp (D:2)
  3 dart slugs
  A leopard gecko (D:1)
  4 giant cockroaches (D:2)
  5 goblins
  10 hobgoblins
  6 jackals (D:1)
  5 bats
  4 frilled lizards
  5 kobolds
  6 rats (D:1)
52 creatures vanquished.

Vanquished Creatures (others)
  A quokka (D:2)
  2 plants (D:1)
3 creatures vanquished.

Grand Total: 55 creatures vanquished

Notes
Turn   | Place    | Note
-------+----------+-------------------------------------------
     0 | D:1      | Alarak the Deep Elf Conjurer began the quest for the Orb.
     0 | D:1      | Reached XP level 1. HP: 10/10 MP: 6/6
   395 | D:1      | Reached XP level 2. HP: 15/15 MP: 7/9
   399 | D:1      | Learned a level 2 spell: Searing Ray
   922 | D:1      | Reached XP level 3. HP: 19/19 MP: 2/11
   931 | D:1      | Reached skill level 5 in Spellcasting
  1700 | D:2      | Found a shimmering altar of Xom.
  1701 | D:2      | Found a shimmering altar of Xom.
  1702 | D:2      | Found a shimmering altar of Xom.
  1702 | D:2      | Found a shimmering altar of Xom.
  1702 | D:2      | Found a shimmering altar of Xom.
  1728 | D:2      | Found a shimmering altar of Xom.
  1752 | D:2      | Found a shimmering altar of Xom.
  1783 | D:2      | Noticed Terence
  1788 | D:2      | Killed Terence
  1789 | D:2      | Reached skill level 5 in Conjurations
  1838 | D:2      | Found a white marble altar of Elyvilon.
  1866 | D:2      | Noticed Sigmund
  1875 | D:2      | Killed Sigmund
  1876 | D:2      | Reached skill level 5 in Hexes
  1876 | D:2      | Reached XP level 4. HP: 5/24 MP: 5/13
  1876 | D:2      | Reached XP level 5. HP: 6/28 MP: 5/14
  2200 | D:2      | Learned a level 4 spell: Fulminant Prism
  2639 | D:2      | Noticed Natasha
  2653 | D:2      | Slain by Natasha

Illustrated notes

Levels and vault maps discovered:
D:1:      nicolae_arrival_memento_mori, layout_loops_ring, serial_forest,
          infiniplex_forest_corner_2, infiniplex_forest_corner_1,
          infiniplex_forest_diagonal, infiniplex_forest_straight_3,
          infiniplex_forest_split, infiniplex_forest_zigzag_1,
          infiniplex_forest_clump_tiny, minmay_3d_cube
D:2:      layout_loops_ring, xom_redecorated, elyvilon_altar_4,
          general_overflow_altar, uniq_sigmund, uniq_terence, uniq_natasha

Skill      XL: |  1  2  3 |
---------------+----------+-----
Spellcasting   | 4 5 |  5.0
Conjurations   | 5 |  5.0
Hexes          | 5 |  5.7
Dodging        | |  2.4
Stealth        | |  2.4

Action                   |  1- 3 |  4- 6 || total
-------------------------+-------+-------++-------
Melee: Scythe            |       |    17 ||    17
 Cast: Magic Dart        |    63 |     4 ||    67
       Searing Ray       |    11 |     1 ||    12
 Stab: Sleeping          |       |     4 ||     4
Armor: Robe              |     2 |     3 ||     5
Dodge: Dodged            |     8 |    10 ||    18

Table legend: (Time is in decaauts)
 A = Elapsed time spent in this place.
 B = Non-inter-level travel time spent in this place.
 C = Inter-level travel time spent in this place.
 D = Time resting spent in this place.
 E = Time spent auto-exploring this place.
 F = Levels seen in this place.
 G = Mean time per level.
                   A        B        C        D        E       F      G
               +--------+--------+--------+--------+--------+-----+--------+
         Total |   2671 |   2646 |     25 |    686 |   1672 |   2 | 1335.5 |
       Dungeon |   2671 |   2646 |     25 |    686 |   1672 |   2 | 1335.5 |
               +--------+--------+--------+--------+--------+-----+--------+

Top non-repeatable levels by time:
     D:1: 1680 daAuts
     D:2: 990 daAuts
